 Seeded DCSS version 0.29.1-15-g9cfb28693d (webtiles) character file.

Game seed: 14669342937109275278 (custom seed)

29 Psyclone the Firebug (level 3, 19/19 HPs)
             Began as a Deep Elf Fire Elementalist on Sept 27, 2023.
             Quit the game on level 1 of the Dungeon.
             The game lasted 00:02:01 (801 turns).

Psyclone the Firebug (Deep Elf Fire Elementalist)    Turns: 801, Time: 00:02:02

Health: 19/19      AC:  2    Str:  5    XL:     3   Next: 1%
Magic:  6/9        EV: 13    Int: 21    God:
Gold:   29         SH:  0    Dex: 15    Spells: 2/8 levels left

rFire   . . .      SeeInvis .   (no weapon)
rCold   . . .      Faith    .   (no shield)
rNeg    . . .      Spirit   .   a - +0 robe
rPois   .          Reflect  .   (no helmet)
rElec   .          Harm     .   (no cloak)
rCorr   .          Rampage  .   (no gloves)
Will    .....                   (no boots)
Stlth   ++........              (no amulet)
HPRegen 0.06/turn               (no ring)
MPRegen 0.11/turn               (no ring)

@: no status effects
A: no striking features
a: no special abilities


You were on level 1 of the Dungeon.
You visited 1 branch of the dungeon, and saw 3 of its levels.

You collected 29 gold pieces.

Inventory:

Armour
 a - a +0 robe (worn)
Scrolls
 c - a scroll of immolation {unknown}
Potions
 b - a potion of magic
 d - a potion of flight {unknown}


   Skills:
 + Level 2.9 Dodging
 + Level 2.9 Stealth
 + Level 3.4 Spellcasting
 + Level 1.7 Conjurations
 + Level 3.5 Fire Magic


You had 2 spell levels left.
You knew the following spells:

 Your Spells              Type           Power      Damage    Failure   Level
a - Foxfire               Conj/Fire      56%        2x1d6     4%          1
b - Scorch                Fire           36%        2d6       4%          2
c - Conjure Flame         Conj/Fire      14%        6-21      13%         3

Your spell library contained the following spells:

 Spells                   Type           Power      Damage    Failure   Level
 Inner Flame              Hex/Fire       11%        N/A       19%         3
 Ignite Poison            Fire/Tmut/Pois 8%         N/A       24%         3
 Flame Wave               Conj/Fire      14%        2d6       38%         4
 Sticky Flame             Conj/Fire      14%        2d4       38%         4


Dungeon Overview and Level Annotations

Branches:
Dungeon (3/15) Zot: 17198

Altars:


Message History

You now have 6/8 mp.
Casting: Foxfire (safe; 4% risk of failure)
Confirm with . or Enter, or press ? or * to list all spells.
You conjure some foxfire!
Your foxfire dissipates!
You now have 5/8 mp.
Your foxfire dissipates!
Your foxfire dissipates! x2
Found a dagger.
MP restored: 8 A giant cockroach comes into view.
A giant cockroach is nearby!
Casting: Foxfire (safe; 4% risk of failure)
Confirm with . or Enter, or press ? or * to list all spells.
You conjure some foxfire!
You now have 7/8 mp.
Casting: Foxfire (safe; 4% risk of failure)
Confirm with . or Enter, or press ? or * to list all spells.
You conjure some foxfire!
You now have 6/8 mp.
Casting: Foxfire (safe; 4% risk of failure)
Confirm with . or Enter, or press ? or * to list all spells.
You conjure some foxfire!
The foxfire hits the giant cockroach.
The giant cockroach is heavily wounded.
You now have 5/8 mp.
The foxfire hits the giant cockroach.
You kill the giant cockroach!
You have reached level 3!
Your experience leads to an increase in your attributes!
Increase (S)trength, (I)ntelligence, or (D)exterity?
You feel clever. x2
Health restored: 19 Memorise Scorch, consuming 2 spell levels and leaving 5?
You start memorising the spell.
You continue memorising. x2
You finish memorising.
Spell assigned to 'b'.
This spell is extremely dangerous to cast!
Memorise Conjure Flame, consuming 3 spell levels and leaving 2?
You start memorising the spell.
You continue memorising. x3
You finish memorising.
Spell assigned to 'c'.
Are you sure you want to abandon this character and quit the game? (Confirm with "yes".)

### ##### #.# #.#.#
#.###.#.###########
#...........).....#
#.###.#.#########.#
.######.###.#.# #.#
..........#.#.# #.#
#######.#@#.#.#########†#
...#.#.#...........##
#####.#.#.####......[.
....#...........##
....#.####.####.#
.#.#.#.# #.# #.##
.#...... #.# #.#.
......#.# #.# #.#. #.#
#.####.#.


There were no monsters in sight!

Vanquished Creatures
  2 adders (D:2)
  A worm (D:1)
  3 giant cockroaches (D:1)
  A hobgoblin (D:1)
  A frilled lizard (D:1)
  2 kobolds
10 creatures vanquished.

Vanquished Creatures (others)
  72 foxfires
72 creatures vanquished.

Grand Total: 82 creatures vanquished

Notes
Turn   | Place    | Note
-------+----------+-------------------------------------------
     0 | D:1      | Psyclone the Deep Elf Fire Elementalist began the quest for
                  | the Orb.
     0 | D:1      | Reached XP level 1. HP: 10/10 MP: 6/6
   232 | D:2      | Reached XP level 2. HP: 15/15 MP: 5/8
   274 | D:3      | Identified a scroll of acquirement
   274 | D:3      | Acquired an Everburning Encyclopedia
   794 | D:1      | Reached XP level 3. HP: 19/19 MP: 5/9
   797 | D:1      | Learned a level 2 spell: Scorch
   801 | D:1      | Learned a level 3 spell: Conjure Flame
   801 | D:1      | Quit the game

Illustrated notes

Levels and vault maps discovered:
D:1:      dpeg_arrival_brainrot, layout_basic, serial_shops, shop_coins
D:2:      layout_basic, uniq_jessica
D:3:      wander_river, layout_basic, serial_shops, nicolae_shop_trees,
          minivault_5, minmay_strange_pillars

Action                   || total
-------------------------++-------
 Cast: Foxfire           ||    48
  Use: Scroll            ||     1
